 Dungeon Crawl Stone Soup version 0.30.0-29-ga12c61a403 (webtiles) character file.

Game seed: 4164175090993271039

136 boopmooplesden the Shield-Bearer (level 4, -10/40 HPs)
             Began as a Minotaur Fighter on June 19, 2023.
             Killed by divine providence
             ... invoked by an orc priest
              (16 damage)
             ... on level 4 of the Dungeon.
             The game lasted 00:02:56 (2262 turns).

boopmooplesden the Shield-Bearer (Minotaur Fighter) Turns: 2262, Time: 00:02:56

Health: -10/40     AC:  9    Str: 23    XL:     4   Next: 98%
Magic:  3/3        EV:  8    Int:  5    God:
Gold:   192        SH:  0    Dex:  9    Spells: 3/3 levels left

rFire   x . .        a - +0 long sword
rCold   + . .        c - +0 buckler
rNeg    . . .        h - +0 chain mail
rPois   .            (helmet restricted)
rElec   .            (no cloak)
rCorr   .            (no gloves)
SInv    .            (no boots)
Will    .....        f - amulet of reflection Stlth
                     e - ring of ice
HPRegen 0.26/turn    (no ring)
MPRegen 0.08/turn

%: reflection
@: confused
A: horns 2, retaliatory headbutt
a: no special abilities


You were on level 4 of the Dungeon.
You visited 1 branch of the dungeon, and saw 4 of its levels.

You collected 192 gold pieces.

Inventory:

Hand Weapons
 a - a +0 long sword (weapon)
 l - a +2 whip of electrocution
Armour
 b - a +0 scale mail
 c - a +0 buckler (worn)
 h - a +0 chain mail (worn)
Jewellery
 e - a ring of ice (left hand)
 f - an amulet of reflection (around neck)
 p - a ring of wizardry
Wands
 o - a wand of roots (8)
Scrolls
 g - a scroll of enchant armour {unknown}
 q - a scroll of butterflies {unknown}
Potions
 d - 3 potions of might
 i - 2 potions of haste
 j - a potion of flight {unknown}
 k - a potion of curing {unknown}
 m - a potion of lignification {unknown}


   Skills:
 + Level 4.1 Fighting
 + Level 4.4 Long Blades
 + Level 4.3 Armour
 + Level 0.1 Dodging
 + Level 4.7 Shields


You had 3 spell levels left.
You didn't know any spells.
Your spell library was empty.

Dungeon Overview and Level Annotations

Branches:
Dungeon (4/15)
 Temple: D:4-7

Altars:
Ashenzari
Vehumet
The Shining One


Innate Abilities, Weirdness & Mutations

You have a pair of horns on your head.
You reflexively headbutt those who attack you in melee.


Message History

The orc wizard shouts!
You hear a shout!
You block the orc's attack.
An orc priest comes into view.
It is wielding a +0 dagger and carrying a wand of polymorph (5).
You closely miss the orc. The orc barely misses you.
The orc wizard hits you but does no damage.
You hit the orc. You headbutt the orc, but do no damage.
The orc is lightly wounded.
You block the orc's attack.
The orc wizard hits you with a +0 dagger.
The orc attacks as you move away! You block the orc's attack.
You hit the orc wizard.
The orc wizard is lightly wounded.
The orc grunts to no one in particular.
The orc hits you but does no damage. You block the orc wizard's attack.
You closely miss the orc wizard.
The orc wizard is lightly wounded.
The orc hits you with a +0 short sword.
The orc wizard hits you but does no damage.
The orc wizard casts a spell at you. The puff of flame hits you!
The fire burns you terribly!
* * * LOW HITPOINT WARNING * * *
The orc barely misses you.
You barely miss the orc wizard. Your headbutt misses the orc wizard.
The orc wizard is lightly wounded.
The orc priest looks encouraged for a moment.
You block the orc's attack. You block the orc wizard's attack.
You barely miss the orc wizard.
The orc wizard is lightly wounded.
You block the orc's attack.
The orc wizard points at you and mumbles some strange words.
You are confused.
You bump into the rock wall.
The orc hits you with a +0 short sword.
* * * LOW HITPOINT WARNING * * *
The orc wizard hits you with a +0 dagger.
* * * LOW HITPOINT WARNING * * *
The orc priest looks encouraged for a moment.
Unknown command.
The orc priest mumbles some strange prayers to Beogh against you.
Beogh smites you!
You die...

..... # #.#.# #.
#.#.###
#.##..##.#...#
#...>..o..##.#
#.##..##o.##.# #.
#o.##.# .o #..##.# .#
#@.##.# # #..##.# #.#
..<##.# #K# ###.##.#
#.# .##.# #.#
.##.######.#####
.##.............
.#.#######.....#
.......#...†)...$.)..


You could see an orc priest, an orc wizard and an orc.

Vanquished Creatures
  Terence (D:3)
  2 iguanas
  2 dart slugs
  An orc (D:3)
  5 bats
  4 endoplasms
  3 giant cockroaches
  4 hobgoblins
  5 jackals (D:1)
  6 kobolds
  4 quokkas
  4 ball pythons
  2 frilled lizards
  2 goblins
  7 rats
52 creatures vanquished.

Notes
Turn   | Place    | Note
-------+----------+-------------------------------------------
     0 | D:1      | boopmooplesden the Minotaur Fighter began the quest for the
                  | Orb.
     0 | D:1      | Reached XP level 1. HP: 19/19 MP: 0/0
   276 | D:1      | Reached XP level 2. HP: 27/27 MP: 1/1
  1166 | D:2      | Reached XP level 3. HP: 33/33 MP: 2/2
  1316 | D:2      | Found a radiant altar of Vehumet.
  1980 | D:3      | Found a glowing golden altar of the Shining One.
  1980 | D:3      | Found a broken altar of Ashenzari.
  2117 | D:3      | Noticed Terence
  2129 | D:3      | Reached XP level 4. HP: 37/40 MP: 3/3
  2130 | D:3      | Killed Terence
  2262 | D:4      | Killed from afar by an orc priest

Illustrated notes

Levels and vault maps discovered:
D:1:      erik_arrival_blinker_ship, layout_basic
D:2:      minmay_alternating_diamond, layout_loops_cross, basic_altar
D:3:      layout_rooms, nicolae_overflow_two_pavilions, st_stairs_1,
          kennysheep_generic_room_3, uniq_terence
D:4:      kennysheep_spiral_hall, layout_loops_ring, gup_ossuary_entry_pyramid,
          serial_rivers, chequers_serial_rivers_micro_a,
          chequers_serial_rivers_large_b, chequers_serial_rivers_small_b,
          chequers_serial_rivers_micro_d, chequers_serial_rivers_micro_c

Skill      XL: |  1  2  3 |
---------------+----------+-----
Fighting       | 4 |  4.1
Long Blades    | 3 4 |  4.4
Armour         | 4 |  4.3
Shields        | 4 |  4.7
Dodging        | |  0.1

Action                     |  1- 3 |  4- 6 || total
---------------------------+-------+-------++-------
  Melee: Long sword        |   109 |    26 ||   135
         Headbutt          |    13 |     7 ||    20
    Use: Scroll            |     2 |     2 ||     4
 Armour: Scale mail        |    19 |       ||    19
         Chain mail        |    30 |    10 ||    40
  Dodge: Dodged            |    35 |     9 ||    44
  Block: Buckler           |    55 |    23 ||    78
         Reflection        |     3 |     1 ||     4
